 Dungeon Crawl Stone Soup version 0.20.1-1-g8b1a95d (webtiles) character file.

237 NoNouf the Skirmisher (level 6, -3/67 HPs)
             Began as an Ogre Hunter on July 22, 2017.
             Slain by equalderp2856's ghost (4 damage)
             ... on level 4 of the Dungeon.
             The game lasted 00:26:14 (4347 turns).

NoNouf the Skirmisher (Ogre Hunter)                 Turns: 4347, Time: 00:26:14

Health: -3/67      AC:  3    Str: 17    XL:     6   Next: 6%
Magic:  6/6        EV: 11    Int: 12    God:
Gold:   90         SH:  0    Dex: 11    Spells: 5/5 levels left

rFire    + . .     SeeInvis .   g - +3 dagger
rCold    . . .     Gourm    .   (no shield)
rNeg     . . .     Faith    .   e - +0 robe {rF+}
rPois    .         Spirit   .   (helmet restricted)
rElec    .         Reflect  .   (no cloak)
rCorr    .         Harm     .   (gloves unavailable)
MR       .....                  (boots unavailable)
Stlth    ++........             (no amulet)
Regen    0.3/turn               p - ring of stealth
MPRegen  0.1/turn               (no ring)

@: lethally poisoned (-3 -> -6)
A: unfitting armour, tough skin 1
a: no special abilities


You were on level 4 of the Dungeon.
You were not hungry.

You visited 1 branch of the dungeon, and saw 4 of its levels.

You collected 90 gold pieces.

Inventory:

Hand Weapons
 a - a +0 short sword
 g - a +3 dagger (weapon)
 o - a +0 mace
Missiles
 c - 5 large rocks
 d - 2 throwing nets
 h - 41 sling bullets
 r - 133 stones (quivered)
Armour
 e - a +0 robe of fire resistance (worn)
Jewellery
 m - an uncursed ring of magical power
 p - a ring of stealth (left hand)
Scrolls
 b - a scroll of remove curse {unknown}
 j - a scroll of identify
 k - a scroll of recharging {unknown}
 t - a scroll of magic mapping {unknown}
Potions
 i - a potion of curing {unknown}
 l - a potion of brilliance
 u - a potion of ambrosia
Comestibles
 f - 3 bread rations
 n - a royal jelly
 q - 2 meat rations
 s - 8 chunks of flesh


   Skills:
 + Level 5.7 Fighting
 - Level 4.0 Throwing
 + Level 4.2 Dodging
 - Level 0.6 Stealth


You had 5 spell levels left.
You didn't know any spells.

Dungeon Overview and Level Annotations

Branches:
Dungeon (4/15)
 Temple: D:4-7

Altars:

Annotations:
D:4 equalderp2856's ghost, amateur SpFi


Innate Abilities, Weirdness & Mutations

You are too large for most types of armour.
You have tough skin. (AC +1)


Message History

You feel sick.
You see here a scroll labeled PUZELE EMISM.
You feel sick.
You feel sick.
Equalderp2856's ghost turns its malevolent gaze towards you.
You feel sick. Equalderp2856's ghost hits you.
* * * LOW HITPOINT WARNING * * *
You feel sick.
Equalderp2856's ghost closely misses you.
You feel sick.
A hobgoblin comes into view. It is wielding a dagger of protection.
You feel sick.
You feel sick. Equalderp2856's ghost hits you.
* * * LOW HITPOINT WARNING * * *
* * * LOW HITPOINT WARNING * * *
You feel sick. Equalderp2856's ghost hits you.
* * * LOW HITPOINT WARNING * * *
* * * LOW HITPOINT WARNING * * *
You feel sick. Equalderp2856's ghost hits you.
You die...

###.#.......... ..............
###.#.......... #.##.........
..########.###........
#.......##.########... #.
#######.#......##..... #.
#####....##.....#... # ##.#
#..@>........####... #.
).####.W......##### ##...
.##(###.##....##.....######....
......#.##..##...##..รท...##....
...>.......#...####.####.##....
.............### #.# #)......
...^......#### ..# #.......
.......%..###### #.## #..##....
..g............# #. #.###....


You could see equalderp2856's ghost.

Vanquished Creatures
  A worker ant (D:4)
  4 gnolls (D:2)
  6 adders
  A shadow imp (D:2)
  An ooze (D:1)
  2 worms (D:2)
  5 dart slugs
  3 leopard geckos
  3 giant cockroaches (D:1)
  12 goblins
  10 hobgoblins
  7 jackals
  9 kobolds
  A quokka (D:3)
  2 ball pythons
  9 bats
  5 frilled lizards
  11 rats
92 creatures vanquished.

Notes
Turn   | Place    | Note
-------+----------+-------------------------------------------
     0 | D:1      | NoNouf the Ogre Hunter began the quest for the Orb.
     0 | D:1      | Reached XP level 1. HP: 22/22 MP: 1/1
   143 | D:1      | Reached skill level 3 in Fighting
   313 | D:1      | Reached XP level 2. HP: 31/31 MP: 2/2
   514 | D:1      | Reached XP level 3. HP: 29/37 MP: 3/3
  1040 | D:2      | Reached skill level 4 in Fighting
  1241 | D:2      | Reached XP level 4. HP: 48/48 MP: 4/4
  1853 | D:2      | Reached XP level 5. HP: 55/55 MP: 5/5
  2952 | D:3      | Reached skill level 5 in Fighting
  4332 | D:4      | Reached XP level 6. HP: 28/67 MP: 6/6
  4335 | D:4      | Noticed equalderp2856's ghost (amateur SpFi)
  4346 | D:4      | HP: 3/67 [poisoned by a worker ant]
  4347 | D:4      | HP: 1/67 [poisoned by a worker ant]
  4347 | D:4      | Slain by equalderp2856's ghost

Skill      XL: |  1  2  3  4  5 |
---------------+----------------+-----
Fighting       | 3 4 5 |  5.7
Dodging        | 2 3 4 |  4.2
Throwing       | |  4.0
Stealth        | |  0.6

Action                   |  1- 3 |  4- 6 || total
-------------------------+-------+-------++-------
Melee: Short sword       |   108 |       ||   108
       Dagger            |    24 |   187 ||   211
Throw: Stone             |    47 |   143 ||   190
  Use: Scroll            |     6 |     3 ||     9
       Potion            |     1 |     3 ||     4
 Stab: Sleeping          |     1 |       ||     1
       Invisible         |       |     3 ||     3
  Eat: Chunk             |     1 |     9 ||    10
       Fruit             |       |     1 ||     1
Armor: Robe              |    38 |    28 ||    66
Dodge: Dodged            |    88 |   118 ||   206
